 Dungeon Crawl Stone Soup version 0.31-a0-233-g139696dc86 (webtiles) character file.

Game seed: 6267364234954788046

40 qw the Shooter (level 3, -1/21 HPs)
             Began as a Gargoyle Hexslinger on July 8, 2023.
             Slain by a goblin
             ... wielding a +0 club
             ... led by Robin
              (6 damage)
             ... on level 2 of the Dungeon.
             The game lasted 00:00:25 (752 turns).

qw the Shooter (Gargoyle Hexslinger)                 Turns: 752, Time: 00:00:26

Health: -1/21      AC:  5    Str: 11    XL:     3   Next: 50%
Magic:  4/4        EV: 12    Int: 13    God:
Gold:   70         SH:  0    Dex: 20    Spells: 3/4 levels left

rFire   . . .        Y - +1 sling
rCold   . . .        (no shield)
rNeg    + . .        c - +0 robe
rPois   inf          (no helmet)
rElec   +            (no cloak)
rCorr   .            (no gloves)
SInv    .            (no boots)
Will    .....        (no amulet)
Stlth   ++           k - +6 ring of dexterity
HPRegen 0.23/turn    (no ring)
MPRegen 0.09/turn

%: no passive effects
@: no status effects
A: sickness immunity, AC +3, negative energy resistance 1, electricity
resistance, torment resistance 1, petrification resistance
a: no special abilities


You were on level 2 of the Dungeon.
You visited 1 branch of the dungeon, and saw 2 of its levels.

You collected 70 gold pieces.


Innate Abilities, Weirdness & Mutations

You are immune to sickness and miasma.
Your stone body is resilient. (AC +3)
You are immune to poison.
You resist negative energy. (rN+)
You are resistant to electric shocks. (rElec)
You are resistant to unholy torment.
You are immune to petrification.


   Skills:
 - Level 2.0 Fighting
 + Level 3.4 Ranged Weapons
 - Level 1.5 Dodging
 - Level 1.0 Spellcasting
 - Level 2.6 Hexes


You had 3 spell levels left.
You knew the following spells:

 Your Spells              Type           Power      Damage    Failure   Level
a - Slow                  Hex            28%        N/A       10%         1

Your spell library contained the following spells:

 Spells                   Type           Power      Damage    Failure   Level
 Inner Flame              Hex/Fire       4%         N/A       43%         3
 Portal Projectile        Hex/Tloc       8%         N/A       43%         3
 Cause Fear               Hex            3%         N/A       67%         4

Inventory:

Hand Weapons
 Y - a +1 sling (weapon)
Armour
 c - a +0 robe (worn)
Jewellery
 k - a +6 ring of dexterity (left hand)
Scrolls
 a - a scroll of teleportation
Potions
 i - a potion of might {unknown}
 j - a potion of haste {unknown}

Dungeon Overview and Level Annotations

Branches:
Dungeon (2/15)

Altars:

Annotations:
D:2 Robin


Message History

The goblin hits you but does no damage.
You shoot a sling bullet. The sling bullet hits the goblin.
You kill the goblin!
The goblin completely misses you.
Robin flexes a bicep menacingly.
Robin roars a battlecry!
The goblins go into a battle-frenzy!
A goblin comes into view. It is wielding a +0 club.
You shoot a sling bullet. The sling bullet hits the goblin.
You kill the goblin!
A hobgoblin comes into view.
The goblin hits you with a +0 club.
You shoot a sling bullet.
The sling bullet barely misses the goblin.
The sling bullet hits the goblin.
You kill the goblin!
The goblin barely misses you. The goblin hits you with a +0 club.
The goblin closely misses you. The goblin barely misses you.
Robin throws the goblin at you!
You shoot a sling bullet. The sling bullet hits the goblin.
You kill the goblin!
The goblin closely misses you. The goblin misses you.
Robin's horned helmet rattles.
You shoot a sling bullet.
The sling bullet barely misses the goblin.
The sling bullet hits Robin.
Robin is moderately wounded.
The goblin hits you with a +0 club. x2; The goblin hits you but does no damage.
Robin hits you from afar with a +0 spear.
You shoot a sling bullet.
The sling bullet closely misses the goblin.
The sling bullet hits Robin.
Robin is moderately wounded.
The goblin misses you. The goblin hits you but does no damage.
Robin barely misses you.
You shoot a sling bullet. The sling bullet hits the goblin!
You kill the goblin!
The goblin barely misses you. The goblin hits you with a +0 club.
Robin throws the goblin at you! The goblin hits you with a +0 club.
You die...

#######..##.#####. #.
#....##.# #) #.#+##
#.)..##'#####. #.....
#...........#. #.....
#...........#.
#.....####...#.......#.
#.....+......#.........
#....g#)...#.######+#..
#....g@g.#.#.# #..
##...g##.#.#.# #..
>....g. #.#.#.# #..
....g.. #.#.#.# #..
.....## #.#.#.# #..
..).. #.#.#.# #....
.... #.#.# ##### ....
#.. ###


You could see Robin, 2 hobgoblins and 3 goblins.

Vanquished Creatures
  3 dart slugs (D:1)
  2 endoplasms (D:1)
  A giant cockroach (D:1)
  8 goblins
  2 hobgoblins (D:1)
  7 kobolds (D:1)
  3 ball pythons (D:1)
  3 bats (D:1)
  4 frilled lizards (D:1)
  2 rats (D:1)
35 creatures vanquished.

Notes
Turn   | Place    | Note
-------+----------+-------------------------------------------
     0 | D:1      | qw the Gargoyle Hexslinger began the quest for the Orb.
     0 | D:1      | Reached XP level 1. HP: 12/12 MP: 2/2
     0 | D:1      | 0 ||| qw: Version: 0.3-a-46-gb1f654a
     0 | D:1      | 0 ||| qw: Game counter: 3650
     0 | D:1      | 0 ||| qw: Melee chars always use a shield: true
     0 | D:1      | 0 ||| qw: God list: Okawaru
     0 | D:1      | 0 ||| qw: Allow faded altars: false
     0 | D:1      | 0 ||| qw: Do Orc after clearing Dungeon:15 true
     0 | D:1      | 0 ||| qw: Do second Lair branch before Depths: true
     0 | D:1      | 0 ||| qw: Lair rune preference: random
     0 | D:1      | 0 ||| qw: Goals: Normal
     0 | D:1      | 0 ||| PLANNING D:1-11
    83 | D:1      | Reached XP level 2. HP: 16/16 MP: 3/3
   151 | D:1      | Reached skill level 3 in Ranged Weapons
   242 | D:1      | Reached XP level 3. HP: 21/21 MP: 4/4
   384 | D:1      | 384 ||| FLEEEEING.
   385 | D:1      | 385 ||| FLEEEEING.
   386 | D:1      | 386 ||| FLEEEEING.
   387 | D:1      | 387 ||| FLEEEEING.
   388 | D:1      | 388 ||| FLEEEEING.
   538 | D:1      | 538 ||| UPGRADING to +6 ring of dexterity.
   539 | D:1      | 539 ||| READING scroll labelled ACEG OROESODAO.
   540 | D:1      | 540 ||| READING scroll labelled RYTRENOANY.
   543 | D:1      | 543 ||| READING 2 scrolls labelled USMACOCRIE.
   559 | D:1      | 559 ||| READING scroll labelled XITSIXK LERR.
   560 | D:1      | 560 ||| READING scroll labelled BIYTIZ UCHOE.
   661 | D:1      | 661 ||| DROPPING scroll of poison.
   662 | D:1      | 662 ||| DROPPING scroll of torment.
   742 | D:2      | Noticed Robin
   752 | D:2      | HP: 5/21 [goblin/+0 club[Robin] (3)]
   752 | D:2      | Slain by a goblin

Levels and vault maps discovered:
D:1:      eino_arrival_water_cross, layout_basic
D:2:      layout_basic, uniq_jessica, uniq_robin

Skill      XL: |  1  2 |
---------------+-------+-----
Ranged Weapons | 3 |  3.4
Fighting       | 2 |  2.0
Dodging        | |  1.5
Spellcasting   | |  1.0
Hexes          | |  2.6

Action                     || total
---------------------------++-------
   Fire: Sling             ||    99
    Use: Scroll            ||     5
 Armour: Robe              ||    15
  Dodge: Dodged            ||    46

Table legend:
 A = Non-vault XP
 B = Vault XP
 C = Vault XP percentage of total XP
 D = Non-vault monster count
 E = Vault monster count
 F = Vault count percentage of total count
                 A         B        C        D         E       F
            +---------+---------+-------+---------+---------+-------
      Total |      46 |      14 |  23.3 |      28 |       7 |  20.0
            +---------+---------+-------+---------+---------+-------
        D:1 |      46 |       0 |   0.0 |      28 |       0 |   0.0
        D:2 |       0 |      14 | 100.0 |       0 |       7 | 100.0
            +---------+---------+-------+---------+---------+-------
